Map: Frostline LE

Players

Espartano

  • Race: Terran Terran
  • League: Diamond
  • Spawn Location: 7:00

wootwoot - Winner!

  • Race: Protoss Protoss
  • League: Diamond
  • Spawn Location: 1:00

VOD

Have the link to the VOD?

Description

Time

  • Played on: April 2, 2025, 11:38 p.m.
  • Length: 4:42
Show
View Real Time Build Order
Export as new Build Order

Espartano Terran 

Build Orders: Reaper Expand 

Get SALT Encoding   

  12  0:00  SCV  
  13  0:12  SCV  
  14  0:17  Supply Depot  
  14  0:24  SCV  
  15  0:38  SCV  
  15  0:39  Barracks  
  16  0:43  Refinery  
  16  0:50  SCV  
  17  1:02  SCV  
  18  1:14  SCV  
  19  1:27  Orbital Command, Reaper  
  20  1:42  Command Center  
  20  1:53  SCV  
  21  1:54  Supply Depot  
  21  1:59  Marine  
  22  2:05  SCV  
  23  2:11  Factory  
  23  2:17  SCV, Marine  
  25  2:27  Barracks  
  25  2:29  SCV  
  26  2:35  Marine  
  26  2:41  SCV  
  26  2:52  Marine  
  26  2:54  SCV  
  26  2:55  Factory Tech Lab  
  27  3:01  Bunker  
  23  3:06  SCV  
  23  3:10  Marine  
  26  3:30  Barracks Reactor  
  26  3:31  SCV  
  20  3:43  SCV  
  20  3:47  Cyclone  
  21  3:50  Marine  
  19  3:55  SCV  
  15  4:21  SCV  
Show
View Real Time Build Order
Export as new Build Order

wootwoot Protoss - Winner!

Build Orders:  

Get SALT Encoding   

  12  0:02  Probe  
  13  0:14  Probe  
  13  0:19  Pylon  
  14  0:26  Probe  
  15  0:39  Gateway  
  15  0:42  Assimilator  
  15  0:49  Pylon  
  15  1:08  Gateway  
  15  1:12  Gateway  
  15  1:27  Cybernetics Core  
  15  1:31  Probe  
  16  1:43  Probe  
  17  1:51  Stalker  
  17  1:52  Stalker  
  17  1:55  Warp Gate  
  21  2:17  Stalker  
  21  2:21  Zealot  
  25  2:32  Shield Battery  
  25  2:44  Probe  
  24  2:54  Stalker  
  24  2:56  Probe  
  25  3:00  Stalker  
  27  3:08  Probe  
  28  3:20  Probe  
  29  3:33  Probe  
  26  3:45  Probe  
  27  3:57  Probe  
  26  4:02  Zealot  
  26  4:03  Zealot  
  26  4:09  Probe  
  31  4:26  Pylon  
  31  4:27  Pylon, Probe  
Tags
 
Add a new tag
Caveats
  • Supply blocks, unpowered buildings, or Contaminate may cause inaccurate times.
  • Supply counts are checked every 10 seconds.